Cogmind - Beta 17.1 @@@ ROGUE MODE // 2026.09.13 @ 22:58:29 Player: Caluan Result: Destroyed by P-70 Sage with High-powered Shock Rifle Performance ------------- Evolutions (6) 3000 Regions Visited (11) 2200 Robots Destroyed (87) 435 Value Destroyed (3929) 3929 Prototype IDs (12) 240 Alien Tech Used (2) 400 Bonus (1253) 1253 TOTAL SCORE: 11457 Bonus ------- Follower Combat Kills 507 Met Zhirov 300 MAIN.C Attacked Proxy Base 500 Friendly Fire -54 Cogmind --------- Core Integrity 0/1150 Matter 295/300 Energy 100/100 System Corruption 2% Temperature Cool (0) Movement Core (100) Ox1 Location -4/Upper Caves Parts ------- > --- POWER (2) -------- (None) > --- PROPULSION (6) --- (None) > --- UTILITY (8) ------ 0b10 Decoder Chip [Looter] Improved Armor Integrity Analyzer Makeshift Hacking Suite > --- WEAPON (3) ------- Phasing Sabre > --- INVENTORY (5) ---- Huge Storage Unit Improved Transmission Jammer Plasma Flamer Peak State ------------ > --- POWER ------------ Micro Fission Core Light Antimatter Reactor > --- PROPULSION ------- Improved Treads Improved Medium Treads Flexi-carbon Leg Myomer Leg Myomer Leg Myomer Leg > --- UTILITY ---------- Advanced Cooling System Huge Storage Unit Advanced Salvage Targeting Computer Advanced Targeting Computer Improved Armor Integrity Analyzer Makeshift Hacking Suite Improved Corruption Screen > --- WEAPON ----------- Makeshift Shrapnel Gun Coil Gun Coil Gun > --- INVENTORY -------- Antimatter Reactor Heavy Antimatter Reactor Improved Treads Improved Medium Treads Spiked Medium Treads Wheel Huge Storage Unit Compact Battery Improved Transmission Jammer Quantum Rifle Quantum Rifle Quantum Rifle Quantum Rifle Minigun High-powered Shotgun Flak Gun Coil Gun Coil Gun KE Penetrator KE Penetrator Subdweller Shrapnel Launcher Mining Laser Phasing Sabre [Rating: 104] Favorites ----------- Power Light Ion Engine Engine Light Ion Engine Power Core Micro Fission Core Reactor Light Antimatter Reactor Propulsion Light Treads Treads Light Treads Leg Myomer Leg Wheel Compact Wheel Utility Huge Storage Unit Device Shield Generator Storage Huge Storage Unit Processor Advanced Targeting Computer Hackware Makeshift Hacking Suite Protection Improved Medium Armor Plating Weapon Assault Rifle Energy Gun Quantum Rifle Energy Cannon HERF Cannon Ballistic Gun Assault Rifle Launcher Subdweller Shrapnel Launcher Special Weapon Mining Laser Slashing Weapon Phasing Sabre Build | -11 -10 -10 -10 -7 -5 -5 -5 -5 -4 -4 -4 ------- Run | Yrd Mat Min Sub Rec Fac Upp Upp Zhi Pro Fac Upp Slots Evolved 12 | . . . . . 10 . . . . 2 . Power 1 | . . . . . . . . . . 1 . Propulsion 4 | . . . . . 4 . . . . . . Utility 6 | . . . . . 5 . . . . 1 . Weapon 1 | . . . . . 1 . . . . . . Parts Attached 99 | 6 6 . 1 8 16 2 6 1 24 19 10 Power 9 | 1 1 . . 2 . . 1 . 1 2 1 Engine 4 | 1 1 . . 2 . . . . . . . Core 3 | . . . . . . . 1 . 1 . 1 Reactor 2 | . . . . . . . . . . 2 . Propulsion 32 | 2 1 . . 2 7 1 2 . 7 9 1 Treads 24 | 2 1 . . 2 7 1 2 . 5 3 1 Leg 4 | . . . . . . . . . . 4 . Wheel 4 | . . . . . . . . . 2 2 . Hover . | . . . . . . . . . . . . Flight . | . . . . . . . . . . . . Utility 23 | 1 3 . . 1 6 1 1 1 5 3 1 Device 8 | . 1 . . . 2 . . 1 3 1 . Storage 3 | 1 2 . . . . . . . . . . Processor 5 | . . . . 1 . . . . 2 1 1 Hackware 3 | . . . . . 2 . . . . 1 . Protection 4 | . . . . . 2 1 1 . . . . Artifact . | . . . . . . . . . . . . Weapon 35 | 2 1 . 1 3 3 . 2 . 11 5 7 Energy Gun 6 | . . . . . . . . . 3 1 2 Energy Cannon 1 | . . . . . . . . . . . 1 Ballistic Gun 24 | 2 1 . . 3 3 . 2 . 7 4 2 Ballistic Cannon . | . . . . . . . . . . . . Launcher 1 | . . . . . . . . . 1 . . Special Weapon 2 | . . . 1 . . . . . . . 1 Impact Weapon . | . . . . . . . . . . . . Slashing Weapon 1 | . . . . . . . . . . . 1 Piercing Weapon . | . . . . . . . . . . . . Special Melee Weapon . | . . . . . . . . . . . . Unidentified Prototypes 3 | . . . . . . . . 3 . . . Parts Lost 79 | . . . . 8 6 2 9 . 13 22 19 Power 8 | . . . . 2 . . 1 . 1 3 1 Propulsion 28 | . . . . 2 3 1 2 . 7 11 2 Utility 15 | . . . . 1 1 1 3 . 2 4 3 Weapon 28 | . . . . 3 2 . 3 . 3 4 13 Highest Loss Streak 13 | . . . . 5 5 1 6 . 13 10 11 To Critical Strikes 1 | . . . . . . . 1 . . . . Average Backups 17 | 1 12 18 19 20 19 23 21 23 21 20 7 Power 1 | . 1 1 1 . . 1 1 1 2 2 . Propulsion 4 | . 5 7 7 6 5 5 4 4 3 2 . Utility 2 | . . 1 1 1 2 6 5 6 6 3 2 Weapon 8 | . 5 9 10 11 11 11 10 11 9 12 4 Tool/Special . | . . . . . . . . . . . . Unused Backups 11 | . 1 . . 1 . . . . 3 1 5 Power 1 | . . . . . . . . . . . 1 Propulsion 2 | . . . . . . . . . . 1 1 Utility 4 | . . . . 1 . . . . . . 3 Weapon 4 | . 1 . . . . . . . 3 . . Tool/Special . | . . . . . . . . . . . . Average Slot Usage (%) 84 | . 97 100 100 99 89 94 84 64 68 89 38 Engine 7 | . 14 14 14 13 5 5 4 . . . . Core 1 | . . . . . . . . 5 4 4 . Treads 24 | . 28 28 28 28 34 35 33 35 23 11 1 Device 5 | . 12 14 14 2 5 . . . 2 7 . Storage 8 | . 14 14 14 14 5 5 5 5 5 5 2 Processor 7 | . . . . 11 5 5 5 5 7 20 20 Hackware 2 | . . . . . 8 9 . . . 4 5 Protection 2 | . . . . . 4 12 15 11 3 . . Energy Gun 1 | . . . . . . . . . 3 5 2 Ballistic Gun 18 | . 27 28 28 28 16 17 15 . 10 9 3 Peak Build Rating 104 | 6 10 10 10 15 47 48 47 44 90 104 65 Average Rating 30 | 4 8 10 10 11 37 47 41 35 50 94 38 On Entrance 29 | . 6 10 10 10 15 47 47 40 36 90 38 Avg Prop Armor Cover (%) 20 | . . . . . 3 . . . 24 16 . Naked Turns . | . . . . . . . . . . . . Heaviest Build 127 | 12 89 89 89 94 121 127 127 110 117 119 112 Greatest Support 140 | 40 40 40 40 40 129 132 140 140 140 109 30 Greatest Overweight (x) 11 | . 2 2 2 2 1 . 1 . 3 8 11 Average Overweight (x) . | . . 2 2 2 . . . . 1 2 . Largest Inventory Capacity 25 | 8 25 25 25 25 25 25 25 25 25 25 25 Average Capacity 22 | 6 18 25 25 25 25 25 25 25 25 25 13 Most Carried 25 | 4 18 19 20 23 25 24 23 25 25 23 19 Average Carried 17 | 1 12 18 19 20 19 23 21 23 21 20 7 Final Capacity 25 | 8 25 25 25 25 25 25 25 25 25 25 5 Final Carried 24 | 2 18 19 20 21 24 23 21 24 21 20 3 Class Distribution -------------------- 42% | Mutant 14% | Commander-Mutant 11% | Scavenger-Gunner 7% | Gunner 7% | Hacker-Tank 5% | Scavenger-Tank 4% | Scavenger-Mutant 3% | Commander-Tank Dominant Class ---------------- Mutant | -10/Materials Mutant | -10/Mines Mutant | -10/Subcaves Commander-Mutant | -7/Recycling Hacker-Tank | -5/Factory Hacker-Tank | -5/Upper Caves Scavenger-Tank | -5/Upper Caves Scavenger-Mutant | -5/Zhirov Scavenger-Gunner | -4/Proximity Caves Scavenger-Gunner | -4/Factory Mutant | -4/Upper Caves Resources | -11 -10 -10 -10 -7 -5 -5 -5 -5 -4 -4 -4 ----------- Run | Yrd Mat Min Sub Rec Fac Upp Upp Zhi Pro Fac Upp Matter Collected 3671 | 176 313 172 81 299 703 164 163 . 706 573 321 Remotely . | . . . . . . . . . . . . Salvage Created 4381 | . 460 122 46 482 906 280 121 . 612 1137 215 Parts 188 | . 18 5 3 19 46 9 8 . 15 50 15 Haulers Intercepted 2 | . 2 . . . . . . . . . . Recyclers Shooed 7 | . . 1 . 5 1 . . . . . . Parts Field Recycled . | . . . . . . . . . . . . Retrieved Matter . | . . . . . . . . . . . . Parts Self-Destructed 90 | . . . 12 . . 9 7 . 48 . 14 Prevented 55 | . . . . . . . . . 55 . . Parts Restored . | . . . . . . . . . . . . Kills | -11 -10 -10 -10 -7 -5 -5 -5 -5 -4 -4 -4 ------- Run | Yrd Mat Min Sub Rec Fac Upp Upp Zhi Pro Fac Upp Combat Hostiles Destroyed 71 | . 7 5 2 5 14 3 2 . 13 15 5 Melee 2 | . . . . . 1 . . . 1 . . Guns 61 | . 7 5 2 5 13 3 2 . 5 15 4 AOE 8 | . . . . . . . . . 7 . 1 Classes Destroyed 15 | . 5 . 1 2 3 . . . 3 1 . Worker 3 | . . . . . 3 . . . . . . Hauler 2 | . 2 . . . . . . . . . . Recycler 7 | . 1 . . 3 1 . . . . 2 . Mechanic 1 | . . . . . . . . . 1 . . Turret 1 | . . . 1 . . . . . . . . Watcher 2 | . 2 . . . . . . . . . . Swarmer 12 | . 2 3 2 . 1 . . . . 4 . Saboteur 1 | . . . . . . . . . 1 . . Grunt 25 | . 5 2 . . 5 2 . . 9 2 . Brawler 2 | . . . . . . . . . 2 . . Protector 2 | . . . . . 1 . . . 1 . . Sentry 7 | . . . . 3 2 . . . . 2 . Specialist 1 | . . . . . . . . . . 1 . Hunter 9 | . . . . . 2 1 2 . . 2 2 Programmer 12 | . . . . 2 3 . . . . 4 3 Packrat 1 | . . . . . . 1 . . . . . Best Kill Streak 10 | . 2 4 2 2 7 2 1 . 10 5 3 Combat Bots Only 9 | . 2 4 2 2 6 2 1 . 9 5 3 Max Kills in Single Turn 4 | . 1 1 2 1 2 1 1 . 4 1 1 Gunslinging 1 | . . . 1 . 1 . . . . . . Exploded 3 | . . . . . . . . . 3 . 1 Melee 1 | . . . . . 1 . . . 1 . . Uniques/NPCs Destroyed . | . . . . . . . . . . . . Combat | -11 -10 -10 -10 -7 -5 -5 -5 -5 -4 -4 -4 -------- Run | Yrd Mat Min Sub Rec Fac Upp Upp Zhi Pro Fac Upp Hostile Shots Fired 1026 | . 37 23 17 168 118 33 64 . 159 258 149 Missed 303 | . 10 4 5 67 21 11 7 . 50 75 53 Hits 723 | . 27 19 12 101 97 22 57 . 109 183 96 Melee 2 | . . . . . . . . . 1 1 . Projectile 721 | . 27 19 12 101 97 22 57 . 108 182 96 Critical Strikes 27 | . 1 1 . 1 3 1 4 . 7 6 3 Part Disruptions 5 | . . . . . 2 . . . . 2 1 Damage Taken 11957 | . 321 157 60 838 1587 408 995 . 2248 3003 2340 Core 1710 | . 41 39 10 102 . . 72 . 277 373 796 Absorbed by Shields 439 | . 11 61 28 59 280 . . . . . . Ignored by Resistances 12 | . . . . . 12 . . . . . . Regen/Repaired (Parts) 511 | . 67 . . . 44 . . . 400 . . Core Remaining (%) 60 | 100 . . . 23 . . . . 58 . . Volleys Fired 305 | . 40 12 10 32 61 16 14 . 31 47 42 Largest 3 | . 2 2 2 2 3 3 3 . 3 3 3 Hottest 282 | . 40 40 100 40 100 60 68 . 96 282 282 Shots Fired 727 | . 81 25 19 63 180 48 42 . 83 128 58 Gun 705 | . 81 25 18 63 178 48 42 . 80 128 42 Cannon 1 | . . . . . . . . . . . 1 Launcher 7 | . . . . . . . . . 3 . 4 Special 14 | . . . 1 . 2 . . . . . 11 Kinetic 659 | . 81 25 18 63 178 48 42 . 83 98 23 Thermal 64 | . . . 1 . 2 . . . . 30 31 Explosive . | . . . . . . . . . . . . Electromagnetic 4 | . . . . . . . . . . . 4 Robot Hit Streak 18 | . 12 6 4 12 17 15 14 . 8 18 9 Robot Miss Streak 6 | . 4 2 3 3 3 2 1 . 6 4 2 Penetration Max 1 | . . . . . . . . . 1 . . Secondary Targets 8 | . . 1 1 1 3 . . . . 1 1 Max Gunslinging Chain 2 | . . 1 1 1 2 . . . . 1 1 Shots Hit Robots 529 | . 56 15 11 48 131 35 36 . 56 100 41 Core Hits 272 | . 23 9 5 18 63 16 10 . 55 50 23 Critical Kills 2 | . . . . . 2 . . . . . . Critical Parts Destroyed 1 | . . . . . . . . . . 1 . Critical Strikes 6 | . . . . 1 2 . . . . 2 1 Destroy 5 | . . . . 1 2 . . . . 2 . Sever 1 | . . . . . . . . . . . 1 Melee Attacks 10 | . . . . . . . . . . . 10 Impact . | . . . . . . . . . . . . Slashing 10 | . . . . . . . . . . . 10 Piercing . | . . . . . . . . . . . . Sneak Attacks . | . . . . . . . . . . . . Combat Hostiles . | . . . . . . . . . . . . Follow-up Attacks . | . . . . . . . . . . . . Damage Inflicted 10933 | . 777 207 156 663 1793 420 358 . 2315 2655 1589 Guns 9218 | . 726 191 156 642 1722 420 358 . 1391 2627 985 Cannons . | . . . . . . . . . . . . Explosions 1413 | . . . . . . . . . 914 . 499 Melee 105 | . . . . . . . . . . . 105 Ramming 197 | . 51 16 . 21 71 . . . 10 28 . Kinetic 9234 | . 726 191 156 642 1722 420 358 . 2305 1777 937 Thermal 1350 | . . . . . . . . . . 850 500 Explosive . | . . . . . . . . . . . . Electromagnetic 47 | . . . . . . . . . . . 47 Impact . | . . . . . . . . . . . . Slashing 105 | . . . . . . . . . . . 105 Piercing . | . . . . . . . . . . . . Highest Corruption 2 | . 1 1 1 1 2 2 2 2 2 . 2 Average Corruption 1 | . 1 1 1 1 1 2 2 2 2 . 1 Corruption Purged . | . . . . . . . . . . . . Corruption Blocked 11 | . . . . . . . . . . 7 4 Effects 94 | . 17 6 5 24 5 5 4 4 24 . . Message Errors 19 | . 4 . 2 5 . 1 2 1 4 . . Matter Fused 26 | . 5 1 1 6 1 1 . 2 9 . . Heat Flow Errors 9 | . . 1 . 4 1 1 . . 2 . . Energy Discharges 14 | . 3 1 1 3 1 . 1 1 3 . . Parts Rejected 4 | . 1 . . 2 1 . . . . . . Parts Fused 1 | . . . . 1 . . . . . . . Data Loss (minor) 12 | . 2 2 1 2 . 1 1 . 3 . . Data Loss (major) 1 | . . . . . . . . . 1 . . Misfires 5 | . 1 1 . . 1 . . . 2 . . Alerts 2 | . 1 . . . . 1 . . . . . Weapon Failures 1 | . . . . 1 . . . . . . . Overload Shots . | . . . . . . . . . . . . Overflow Damage 74 | . . . . . . . . . 22 . 52 Projectiles . | . . . . . . . . . . . . Explosions 74 | . . . . . . . . . 22 . 52 Melee . | . . . . . . . . . . . . Knockbacks 3 | . . . . . 1 . . . . 2 . Impact 2 | . . . . . 1 . . . . 1 . Kinetic . | . . . . . . . . . . . . Secondary 1 | . . . . . . . . . . 1 . Self-Inflicted Damage 36 | . . . . . . . . . . . 36 Shots 3 | . . . . . . . . . . . 3 Rammed 32 | . 13 4 . 4 7 . . . 2 2 . Targets Rammed 36 | . 14 4 . 5 8 . . . 2 3 . Kicked 1 | . . . . . . . . . . 1 . Crushed 3 | . 1 . . 1 1 . . . . . . Highest Temperature 310 | . 20 103 . 259 160 163 310 . 204 227 163 Average Temperature 52 | . 5 32 . 96 18 54 135 . 34 88 61 Received Heat Transfer 2026 | . 183 65 19 187 178 102 332 . 563 280 117 Siege Activations . | . . . . . . . . . . . . Martial Activations . | . . . . . . . . . . . . Shielding Activations . | . . . . . . . . . . . . Robots Disrupted . | . . . . . . . . . . . . Combat Hostiles . | . . . . . . . . . . . . Robots Corrupted . | . . . . . . . . . . . . Combat Hostiles . | . . . . . . . . . . . . Parts Fried 2 | . . . . . . . . . 2 . . Impact Corruptions . | . . . . . . . . . . . . Robots Melted . | . . . . . . . . . . . . Combat Hostiles . | . . . . . . . . . . . . Parts Melted 11 | . . . . . 1 . . . . 10 . Heat Transferred 1591 | . . . . . . . . . . 962 629 Parts Sabotaged 3 | . . . . . . . . . . 3 . Parts Stolen . | . . . . . . . . . . . . Parts Stripped . | . . . . . . . . . . . . Power Chain Reactions . | . . . . . . . . . . . . Alert | -11 -10 -10 -10 -7 -5 -5 -5 -5 -4 -4 -4 ------- Run | Yrd Mat Min Sub Rec Fac Upp Upp Zhi Pro Fac Upp Maximum Alert Level . | . . . . . . . . . . . . Low Security (%) 100 | 100 100 100 . 100 100 . . . . 100 . Level 1 . | . . . . . . . . . . . . Level 2 . | . . . . . . . . . . . . Level 3 . | . . . . . . . . . . . . Level 4 . | . . . . . . . . . . . . Level 5 . | . . . . . . . . . . . . High Security . | . . . . . . . . . . . . Max Security . | . . . . . . . . . . . . Peak Influence 146 | . 56 94 . 51 146 . . . . 110 . Initial 51 | . . . . 51 . . . . . . . Average 20 | . 4 11 . 5 75 . . . . 26 . Influence Increases 2535 | . 218 144 207 199 734 95 65 . 292 426 155 Destroy 0b10 Robot/C 1740 | . 140 120 120 160 440 60 40 . 260 300 100 Destroy 0b10 Robot/NC 100 | . 25 . . 20 30 . . . 10 15 . Destroy Leader 280 | . 48 20 . . 102 20 10 . . 70 10 Allied During Kill 147 | . . 4 12 17 107 . . . 7 . . Successful Hack 38 | . 5 . . . 21 . . . . 12 . Destroy Structure 20 | . . . . 2 4 . . . . 14 . Lose Combat Pursuer 210 | . . . 75 . 30 15 15 . 15 15 45 Influence Decreases 2535 | . 218 144 100 306 617 207 63 7 292 426 155 Entered New Map 110 | . . . . 56 . 45 2 7 . . . Time Decay 1822 | . 218 124 40 195 468 142 51 . 211 254 119 Lost Part 361 | . . . . 22 60 20 10 . 61 152 36 Lost Ally 242 | . . 20 60 33 89 . . . 20 20 . Squads Dispatched 10 | . 1 . . . 4 . . . . 5 . Investigation 1 | . . . . . 1 . . . . . . Extermination 4 | . . . . . 2 . . . . 2 . Reinforcement 3 | . 1 . . . 1 . . . . 1 . Assault . | . . . . . . . . . . . . Garrison 2 | . . . . . . . . . . 2 . Intercept . | . . . . . . . . . . . . Searches Triggered . | . . . . . . . . . . . . Construction Impeded . | . . . . . . . . . . . . Haulers Reinforced . | . . . . . . . . . . . . Active Scanning Responses . | . . . . . . . . . . . . Cargo Convoy Interrupts 1 | . . . . . . . . . . 1 . Stealth | -11 -10 -10 -10 -7 -5 -5 -5 -5 -4 -4 -4 --------- Run | Yrd Mat Min Sub Rec Fac Upp Upp Zhi Pro Fac Upp Distress Signals 7 | . 2 . . . 1 . . . 1 3 . Communications Jammed . | . . . . . . . . . . . . Distress Signals . | . . . . . . . . . . . . Times Spotted 155 | . 23 8 6 8 26 4 3 . 30 37 10 Peak Tracking Total 14 | . 4 4 6 3 6 3 2 . 14 11 3 Tactical Retreats 10 | . . . 2 . 1 1 1 . 1 1 3 Traps | -11 -10 -10 -10 -7 -5 -5 -5 -5 -4 -4 -4 ------- Run | Yrd Mat Min Sub Rec Fac Upp Upp Zhi Pro Fac Upp Traps Triggered 4 | . 1 . . . 2 . . . . 1 . Indirectly . | . . . . . . . . . . . . Trap Hack Attempts . | . . . . . . . . . . . . Triggered . | . . . . . . . . . . . . Disarmed . | . . . . . . . . . . . . Reprogrammed . | . . . . . . . . . . . . Reused . | . . . . . . . . . . . . Traps Extracted . | . . . . . . . . . . . . Installed . | . . . . . . . . . . . . Triggered . | . . . . . . . . . . . . Machines | -11 -10 -10 -10 -7 -5 -5 -5 -5 -4 -4 -4 ---------- Run | Yrd Mat Min Sub Rec Fac Upp Upp Zhi Pro Fac Upp Machines Disabled 1 | . . . 1 . . . . . . . . Max in Single Turn . | . . . . . . . . . . . . Garrison Access 1 | . . . . . 1 . . . . . . Machines Repaired . | . . . . . . . . . . . . Machines Dismantled . | . . . . . . . . . . . . Machines Sabotaged . | . . . . . . . . . . . . Overloaded Fab Kills . | . . . . . . . . . . . . Hacking | -11 -10 -10 -10 -7 -5 -5 -5 -5 -4 -4 -4 --------- Run | Yrd Mat Min Sub Rec Fac Upp Upp Zhi Pro Fac Upp Machines Accessed 20 | . 1 . . 4 7 . . 4 1 3 . Terminals 9 | . . . . 4 4 . . . . 1 . Fabricators 2 | . . . . . 1 . . . . 1 . Repair Stations 3 | . 1 . . . 1 . . . 1 . . Recycling Units 1 | . . . . . . . . . . 1 . Scanalyzers . | . . . . . . . . . . . . Garrison Access 1 | . . . . . 1 . . . . . . Total Hacks 53 | . 6 . . 7 15 . . 17 3 5 . Successful 32 | . 3 . . 1 7 . . 17 2 2 . Failed 21 | . 3 . . 6 8 . . . 1 3 . Catastrophic 5 | . . . . 3 1 . . . . 1 . Database Lockouts . | . . . . . . . . . . . . Manual 8 | . . . . 1 5 . . . . 2 . Terminals 19 | . . . . 7 9 . . . . 3 . Fabricators 3 | . . . . . 2 . . . . 1 . Repair Stations 11 | . 6 . . . 2 . . . 3 . . Recycling Units 1 | . . . . . . . . . . 1 . Scanalyzers . | . . . . . . . . . . . . Garrison Access 2 | . . . . . 2 . . . . . . Terminal Hacks 21 | . . . . 1 2 . . 17 . 1 . Record 6 | . . . . . 1 . . 5 . . . Part Schematic 4 | . . . . . . . . 4 . . . Robot Analysis 4 | . . . . . . . . 4 . . . Prototype ID Bank 4 | . . . . . . . . 4 . . . Branch Access Points 1 | . . . . . 1 . . . . . . Terminal Index 1 | . . . . . . . . . . 1 . Alert Level 1 | . . . . 1 . . . . . . . Fabricator Hacks 1 | . . . . . 1 . . . . . . Network Status 1 | . . . . . 1 . . . . . . Repair Station Hacks 5 | . 3 . . . . . . . 2 . . Scan Component 3 | . 2 . . . . . . . 1 . . Repair 2 | . 1 . . . . . . . 1 . . Recycling Unit Hacks . | . . . . . . . . . . . . Scanalyzer . | . . . . . . . . . . . . Garrison Access Hacks 1 | . . . . . 1 . . . . . . Seal Access 1 | . . . . . 1 . . . . . . Unauthorized Hacks 4 | . . . . . 3 . . . . 1 . Terminals 2 | . . . . . 2 . . . . . . Botnet 2 | . . . . . 2 . . . . . . Fabricators 1 | . . . . . 1 . . . . . . Fabnet 1 | . . . . . 1 . . . . . . Repair Stations . | . . . . . . . . . . . . Recycling Units 1 | . . . . . . . . . . 1 . Mask 1 | . . . . . . . . . . 1 . Scanalyzers . | . . . . . . . . . . . . Garrison Access . | . . . . . . . . . . . . Data Cores Recovered . | . . . . . . . . . . . . Used . | . . . . . . . . . . . . Hacking Detections 14 | . 1 . . 4 5 . . . 1 3 . Full Trace Events . | . . . . . . . . . . . . Feedback Events . | . . . . . . . . . . . . Feedback Blocked . | . . . . . . . . . . . . Robot Schematics Acquired . | . . . . . . . . . . . . Robots Built . | . . . . . . . . . . . . Authchips . | . . . . . . . . . . . . Time . | . . . . . . . . . . . . Total Robot Build Rating . | . . . . . . . . . . . . Part Schematics Acquired 4 | . . . . . . . . 4 . . . Parts Built . | . . . . . . . . . . . . Authchips . | . . . . . . . . . . . . Time . | . . . . . . . . . . . . Total Part Build Rating . | . . . . . . . . . . . . Part Studies Acquired . | . . . . . . . . . . . . Parts Repaired 2 | . 1 . . . . . . . 1 . . Time 58 | . 36 . . . . . . . 22 . . Parts Recycled . | . . . . . . . . . . . . Recycled Matter . | . . . . . . . . . . . . Retrieved Matter . | . . . . . . . . . . . . Retrieved Components . | . . . . . . . . . . . . Parts Scanalyzed . | . . . . . . . . . . . . Part Schematics Acquired . | . . . . . . . . . . . . Parts Damaged . | . . . . . . . . . . . . Bothacking | -11 -10 -10 -10 -7 -5 -5 -5 -5 -4 -4 -4 ------------ Run | Yrd Mat Min Sub Rec Fac Upp Upp Zhi Pro Fac Upp Used RIF Installer . | . . . . . . . . . . . . Robots Hacked 1 | . . . . . . . . . . 1 . Non-combat . | . . . . . . . . . . . . Combat 1 | . . . . . . . . . . 1 . Robot Hacks Applied . | . . . . . . . . . . . . Relay Couplers Released . | . . . . . . . . . . . . Fabnet Peak Effective % 3 | . . . . . . . . . 3 3 3 Autooverrided 1 | . . . . . . . . . . 1 . Robots Rewired 32 | . . . . 24 . . . . 8 . . Allies Hacked 5 | . . . . 2 2 . . . 1 . . Hacks Repelled . | . . . . . . . . . . . . Allies | -11 -10 -10 -10 -7 -5 -5 -5 -5 -4 -4 -4 -------- Run | Yrd Mat Min Sub Rec Fac Upp Upp Zhi Pro Fac Upp Total Allies 39 | . . 5 . 24 . . . . 9 1 . Largest Group 17 | . . 3 3 17 17 . . . 8 1 . Highest-Rated Group 297 | . . 40 40 297 297 . . . 256 46 . Highest-Rated Ally 56 | . . 31 16 40 40 . . . 56 46 . Total Orders . | . . . . . . . . . . . . Ally Attacks 184 | . . 10 17 29 94 . . . 26 8 . Total Damage 2791 | . . 203 144 675 1216 . . . 492 61 . Kills 21 | . . 1 3 5 10 . . . 1 1 . Allies Corrupted 1 | . . . . . 1 . . . . . . Allies Melted . | . . . . . . . . . . . . Intel | -11 -10 -10 -10 -7 -5 -5 -5 -5 -4 -4 -4 ------- Run | Yrd Mat Min Sub Rec Fac Upp Upp Zhi Pro Fac Upp Active Infowar (turns) 790 | . . . . . . . . . . . 790 Decoding 790 | . . . . . . . . . . . 790 Robot Analysis Total 4 | . . . . . . . . 4 . . . Derelict Logs Recovered 3 | . . 1 . . . 1 . . . . 1 Drone Launches . | . . . . . . . . . . . . Drone Recoveries . | . . . . . . . . . . . . Exploration | -11 -10 -10 -10 -7 -5 -5 -5 -5 -4 -4 -4 ------------- Run | Yrd Mat Min Sub Rec Fac Upp Upp Zhi Pro Fac Upp Turns Passed 13878 | 117 2495 930 544 2593 1570 383 518 388 1935 871 1534 Spaces Moved 6211 | 75 1052 276 160 716 686 206 278 238 969 343 1212 Core 1081 | 15 . . . . . . . . . . 1066 Treads 4511 | 60 1052 276 160 716 686 206 278 238 669 32 138 Legs 143 | . . . . . . . . . . 143 . Wheels 476 | . . . . . . . . . 300 168 8 Hover . | . . . . . . . . . . . . Flight . | . . . . . . . . . . . . Fastest Speed 50 | 50 160 320 320 320 160 160 160 160 145 145 50 Average Speed 193 | 138 212 320 320 320 189 160 162 160 172 180 103 Slowest Speed 400 | 160 320 320 320 320 240 160 240 160 240 400 400 Overloaded Moves . | . . . . . . . . . . . . Propulsion Burnouts . | . . . . . . . . . . . . Robots Hopped . | . . . . . . . . . . . . Potential Cave-ins 4 | . . . . . . . . . . 4 . Cave-ins Triggered . | . . . . . . . . . . . . Teleports 1 | . . . . . . . . 1 . . . Exploration Rate (%) 46 | 4 91 53 18 92 16 34 57 62 59 6 64 Regions Visited 11 Branch Regions 8 Pre-discovered Areas 4 | . . 1 . . . . . 3 . . . Known Exits Taken 1 | . . . . . 1 . . . . . . Unknown Exits Taken 10 | 1 1 1 1 1 . 1 1 1 1 1 . Scrap Searched 11 | . . . . . . 3 1 . 3 . 4 Spaces Dug 7 | . . . . . . . . . . . 7 Terrain Destroyed 98 | . . . . . . . . . 10 9 79 Melee 5 | . . . . . . . . . . . 5 Projectile 18 | . . . . . . . . . 4 8 6 AOE 74 | . . . . . . . . . 6 . 68 Terrain Rammed . | . . . . . . . . . . . . Walls Destroyed . | . . . . . . . . . . . . Machines Disabled . | . . . . . . . . . . . . Actions | -11 -10 -10 -10 -7 -5 -5 -5 -5 -4 -4 -4 --------- Run | Yrd Mat Min Sub Rec Fac Upp Upp Zhi Pro Fac Upp Total 7370 | 88 1219 292 172 944 804 224 314 246 1176 490 1401 Wait 309 | 1 83 . . 6 15 . 13 . 27 63 101 Move 6200 | 74 1051 275 159 715 685 205 277 237 968 342 1212 Hop . | . . . . . . . . . . . . Pick Up 89 | 7 17 1 1 10 14 1 4 3 18 10 3 Fast Attach 24 | 1 3 . . 2 6 . . 1 4 6 1 Attach 86 | 5 . . . 8 11 2 6 2 19 12 21 Detach 15 | . . . . . . . . 2 6 2 5 Swap 20 | . 5 . 2 . 2 . . . 5 3 3 Drop 21 | . 6 . . 1 1 . . 1 7 2 3 Fire 305 | . 40 12 10 32 61 16 14 . 31 47 42 Melee 10 | . . . . . . . . . . . 10 Ram . | . . . . . . . . . . . . Kick 1 | . . . . . . . . . . 1 . Crush 35 | . 14 4 . 5 8 . . . 2 2 . Escape Stasis . | . . . . . . . . . . . . Rewire 255 | . . . . 165 1 . . . 89 . . Trap . | . . . . . . . . . . . . Miscellaneous . | . . . . . . . . . . . . Route ------- -11/Scrapyard -10/Materials (discovered 4 exits: [*Mat x3] / [*Min]) -10/Mines (discovered 2 exits: [*Mat] / [*Sub]) -10/Subcaves -7/Recycling -5/Factory (discovered 5 exits: *Fac / *Upp x2 / Ext x2) -5/Upper Caves -5/Upper Caves -5/Zhirov -4/Proximity Caves -4/Factory -4/Upper Caves History --------- Turn | Location | Event 6 | -11/Scrapyard | Discovered new exit (range 14) 118 | -11/Scrapyard | Entered Materials 309 | -10/Materials | Build established: Mutant 474 | -10/Materials | Discovered new exit (range 16) 892 | -10/Materials | Repaired Broken Assault Rifle 926 | -10/Materials | Discovered new exit (range 16) 1159 | -10/Materials | Discovered new exit (range 15) 1618 | -10/Materials | Discovered new exit (range 7) 2613 | -10/Materials | Entered Mines 2620 | -10/Mines | Escorted by a lone wolf Derelict 2640 | -10/Mines | Learned location of Storage (-7) 2687 | -10/Mines | Met a Derelict bent on vengeance 2699 | -10/Mines | Discovered new exit (range 7) 2803 | -10/Mines | Learned 8 Materials zone layouts 2819 | -10/Mines | Received a Mining Laser from a helpful Derelict 3230 | -10/Mines | Assisted by bots powering up and referring to "LRC-V3" 3258 | -10/Mines | Discovered new exit (range 8) 3543 | -10/Mines | Entered Subcaves 3543 | -10/Subcaves | Accompanied by 3 allies 4002 | -10/Subcaves | Discovered new exit (range 14) 4046 | -10/Subcaves | Lost 3 allies 4087 | -10/Subcaves | Entered Recycling 4088 | -7/Recycling | Joined Warlord attack on 0b10 via Recycling 4421 | -7/Recycling | Discovered new exit (range 5) 4775 | -7/Recycling | Core integrity fell below 50% 4805 | -7/Recycling | Lost 5 parts (1p2n2w) 5137 | -7/Recycling | Build established: Commander-Mutant 5373 | -7/Recycling | Lost 3 allies 6266 | -7/Recycling | Lost 4 allies 6680 | -7/Recycling | Entered Factory 6680 | -5/Factory | Accompanied by 17 allies 6680 | -5/Factory | Evolved 10 slots: Propulsion x4, Utility x5, Weapon x1 7036 | -5/Factory | Lost 7 allies 7166 | -5/Factory | Build established: Commander-Tank 7213 | -5/Factory | Identified exit to Upper Caves 7213 | -5/Factory | Identified exit to Extension 7356 | -5/Factory | Discovered new exit (range 11) 7396 | -5/Factory | P-70 Sage assimilated allied Angel 4a 7694 | -5/Factory | Build established: Hacker-Tank 8106 | -5/Factory | Lost 5 parts (3n2w) 8250 | -5/Factory | Entered Upper Caves 8342 | -5/Upper Caves | Learned Factory stockpile data 8622 | -5/Upper Caves | Discovered new exit (range 8) 8633 | -5/Upper Caves | Entered another Upper Caves area 8722 | -5/Upper Caves | Lost 6 parts (2n2u2w) 8849 | -5/Upper Caves | Build established: Scavenger-Tank 9035 | -5/Upper Caves | Spotted B-75 Beast 9088 | -5/Upper Caves | Lost 3 parts (1p1u1w) 9127 | -5/Upper Caves | Discovered new exit (range 15) 9151 | -5/Upper Caves | Entered Zhirov 9151 | -5/Zhirov | Discovered new exit (range 3) 9181 | -5/Zhirov | Met Zhirov 9226 | -5/Zhirov | Learned location of Quarantine (-2) 9226 | -5/Zhirov | Learned location of Testing (-3) 9226 | -5/Zhirov | Learned location of Command (-1) 9250 | -5/Zhirov | Zhirov requested help retrieving the SGEMP Prototype 9279 | -5/Zhirov | Found Alien Artifact 9297 | -5/Zhirov | Found Alien Artifact 9300 | -5/Zhirov | Identified Transdimensional Reconstructor 9300 | -5/Zhirov | Warped through subspace 9301 | -5/Zhirov | Identified Integrated Reactor 9301 | -5/Zhirov | Installed Integrated Reactor, increased core energy generation (+10) 9341 | -5/Zhirov | Build established: Scavenger-Mutant 9539 | -5/Zhirov | Entered Proximity Caves 9540 | -4/Proximity Caves | Greeted by an Infiltrator in a former 0b10 base 9753 | -4/Proximity Caves | Former 0b10 base attacked by MAIN.C 9948 | -4/Proximity Caves | Lost 4 allies 10026 | -4/Proximity Caves | Repaired Gauss Rifle 10139 | -4/Proximity Caves | 0b10 base defense nominally successful 10195 | -4/Proximity Caves | Lost 6 allies 10274 | -4/Proximity Caves | Lost 4 allies 10275 | -4/Proximity Caves | Destroyed 9 combat bots 10301 | -4/Proximity Caves | Lost 13 parts (1p7n2u3w) 10522 | -4/Proximity Caves | Build established: Gunner 11072 | -4/Proximity Caves | Build established: Scavenger-Gunner 11464 | -4/Proximity Caves | Discovered new exit (range 7) 11474 | -4/Proximity Caves | Entered Factory 11474 | -4/Factory | Evolved 2 slots: Power x1, Utility x1 11816 | -4/Factory | Lost 7 parts (5n2u) 12112 | -4/Factory | Discovered new exit (range 5) 12199 | -4/Factory | Garrison activated, responded to threat 12225 | -4/Factory | Lost 4 parts (1p2n1w) 12330 | -4/Factory | Cargo convoy interrupted 12345 | -4/Factory | Entered Upper Caves 12367 | -4/Upper Caves | Ambushed by research squad 12373 | -4/Upper Caves | Lost 10 parts (2p4n2u2w) 12419 | -4/Upper Caves | Lost 5 parts (1p1n3w) 12737 | -4/Upper Caves | Build established: Gunner 12944 | -4/Upper Caves | Spotted B-86 Titan 12968 | -4/Upper Caves | Core integrity fell below 50% 13024 | -4/Upper Caves | Lost 11 parts (1n1u9w) 13272 | -4/Upper Caves | Build established: Mutant 13676 | -4/Upper Caves | Core integrity fell below 20% 13755 | -4/Upper Caves | Learned Research stockpile data 13796 | -4/Upper Caves | Encountered a Warlord checkpoint 13879 | -4/Upper Caves | Destroyed by P-70 Sage with High-powered Shock Rifle Last Messages --------------- HERF Cannon destroyed. Slug penetrates Wall. Penetrated by Slug. Acquired 3 matter. Extracted 1 energy. Searching scrap... Found Hvy. Battle Rifle. Found 31 Matter. Acquired 22 matter. Acquired derelict log, extracted data. Data stored: Research stockpile data. MH-9QM(M): "We're here to intercept Unaware patrols. Move along before you get yourself shot." Adv. Targeting Computer destroyed. MH-9QM(M) system terminally corrupted. P-70 Sage Hpw. Shock Rifle severed. Adv. Salvage Targeting Computer destroyed. P-70 Sage resets P-70 Sage, system corruption cleaned. Map ----- +----------------------------------------------------+ | | | | | | | | | ?????????????????????????????????????????????????? | | ?????????????????????????????????????????????????? | | ?????????????????????????????????????????????????? | | ?????????????????????????????????????????????????? | | ?????????????????????????????????????????????????? | | ?????????????????????????????????????????????????? | | ?????????????????????????????????????????????????? | | ?????????????????????????????????????????????????? | | ?????????????????????????????????????????????????? | | ?????????????????????????????????????????????????? | | ?????????????????????????????????????????????????? | | ?????????????????????????????????????????????????? | | ?????????????????????????????????????????????????? | | ?????????????????????????????????????????????????? | | ?#####???????????????????????????????????????????? | | ## ##?????????????????????###??????????????????? | | # ######????????????##### ####???????????????? | | ## ## ##???????????# #???????????????? | | ?## # # ###??####??# #???????????????? | | ??## ## # ##?# ##?# #???????????????? | | ???## ## ## ### ###[ % #???????????????? | | ????##### ## @ p #???????????????? | | ???????## ##??????????????? | | ??????## ###p #??????????????? | | ####### ####### ##?????????????? | | ##?????#### #?????????????? | | ## % ######?????# #?????????????? | | ####### ## #### ###???# #?????????????? | | ??????## ### ##### #?????????????? | | ???????# #########?????? | | ???????# ## #?????? | | ???????### ### ### #### ### ### #?????? | | ????####?## #?## ###?##????# #?? #???????? | | ???## ##?# ####### ########### #??? #???????? | | ??## ### # #??? ??????? | | ### ## #???? #?????? | | !% # # ## ## ## #???? # #?????? | | != # ###### ## """"" ## #?????"# #?????? | | ###### ####????# ##""""""""" ## #?????##?#?????? | | ##???# #???????# #"""""""""# #? ???????????????? | | #???# ######### " """ "## #?#???????????????? | | ##??# """"""" "## #?????????????????? | | ##?# "" "## #?????????????????? | | #?########## %= %#?????????????????? | | #??????????# #?????????????????? | | #??????????# ## ### #### ###???????????????? | +----------------------------------------------------+ Best States ------------- Heat Dissipation 124 Energy Generation 41 Energy Capacity 375 Matter Stores 300 Matter Capacity 300 Sight Range 16 Terrain Scan Density 10 Corruption Block 15 Armor Coverage 975 Resistance: KI 25 Evasion (%) 50 Targeting Accuracy 8 Armor Integrity Analysis 40 Recoil Reduction 6 Particle Charging 30 Salvage Targeting 3 Offensive Hacking 22 Item Schematics ----------------- Assault Drone Bay | -5/Zhirov | Free Exp. Heat Sink | -5/Zhirov | Free Exp. Optical Array | -5/Zhirov | Free Imp. Arc Thrower | -5/Zhirov | Free Robot Schematics ------------------ None Fabricated ------------ Nothing Repaired ---------- Assault Rifle | 33% | -10/Materials | Broken Gauss Rifle | 23% | -4/Proximity Caves Studied --------- None Alien Tech Used ----------------- Transdimensional Reconstructor Integrated Reactor Achievements -------------- None Challenges ------------ None Game ------ Seed ArmageddonIonFalx Manual? 0 Play Time 01:12:38 Cumulative 253.5 hours Start 2026.09.13 @ 21:45:16 End 2026.09.13 @ 22:58:29 Sessions 1 Manual Loads 0 Difficulty Rogue Special Mode None Game No. 287 Rogue 287 Adventurer 0 Explorer 0 Win Type - Total 2 Types 2/0/0/0/0/0/0/0/0/0 Lore% 31 Gallery% 56 Achievement% 37 Wizard Run 0 Options --------- Layout 1 ASCII 0 Keyboard 0 Movement Numpad Keybinds 0 Fullscreen 2 Font 24/Smallcaps Map View 50x35 Zoom Use 0% Tactical HUD 0 Map Filters NONE Filters NONE Steam 1 RUN: 331ffb8f-e363-47c2-9e2f-6a2c6fd21790